 Dungeon Crawl Stone Soup version 0.32-a0-42-ga30500b4d3 (webtiles) character file.

Game seed: 580760762245095444

479 Ambrosia the Shield-Bearer (level 7, -1/61 HPs)
             Began as a Hill Orc Fighter on Feb 2, 2024.
             Succumbed to a scorpion's poison
             ... on level 4 of the Dungeon.
             The game lasted 00:05:23 (3263 turns).

Ambrosia the Shield-Bearer (Hill Orc Fighter)       Turns: 3263, Time: 00:05:23

Health: -1/61      AC: 10    Str: 20    XL:     7   Next: 11%
Magic:  7/7        EV:  9    Int:  7    God:
Gold:   130        SH:  6    Dex: 11    Spells: 6/6 levels left

rFire   + . .        d - +1 war axe (holy)
rCold   . . .        c - +1 buckler
rNeg    + . .        b - +0 scale mail
rPois   +            (no helmet)
rElec   .            k - +2 ratskin cloak {*Rats rPois rN+ Str-1 Int-1 Dex+1}
rCorr   .            (no gloves)
SInv    .            (no boots)
Will    .....        (no amulet) Stlth
                     F - ring of protection from fire {rF+}
HPRegen 0.30/turn    (no ring)
MPRegen 0.10/turn

%: no passive effects
@: lethally poisoned (-1 -> -13)
A: no striking features
a: no special abilities


You were on level 4 of the Dungeon.
You visited 1 branch of the dungeon, and saw 4 of its levels.

You collected 130 gold pieces.

Inventory:

Hand Weapons
 a - a +0 heavy war axe
 d - a +1 war axe of holy wrath (weapon)
   (You took it off an orc on level 4 of the Dungeon)
Armour
 b - a +0 scale mail (worn)
 c - a +1 buckler (worn)
 k - the +2 ratskin cloak (worn) {*Rats rPois rN+ Str-1 Int-1 Dex+1}
   (You found it on level 3 of the Dungeon)

   *Rats:     When the wearer is hurt, rats may emerge from it to assist them.
   Str-1:     It affects your strength (-1).
   Int-1:     It affects your intelligence (-1).
   Dex+1:     It affects your dexterity (+1).
   rPois:     It protects you from poison rN+: It protects you from negative
   energy.
Jewellery
 F - a ring of protection from fire (left hand) {rF+}
   (You found it on level 3 of the Dungeon)
Scrolls
 f - 2 scrolls of immolation {!r}
 l - 3 scrolls of identify {@r1}
 m - 3 scrolls of amnesia
Potions
 e - 2 potions of haste
 g - a potion of magic


   Skills:
 + Level 5.4 Fighting
 + Level 5.2 Axes
 + Level 5.0 Armour
 + Level 5.4 Shields


You had 6 spell levels left.
You didn't know any spells.
Your spell library contained the following spells:

 Spells                   Type           Power      Damage    Failure   Level
 Summon Small Mammal      Summ           0%         N/A       83%         1
 Call Canine Familiar     Summ           0%         N/A       99%         3
 Summon Blazeheart Golem  Fire/Summ      0%         N/A       100%        4


Dungeon Overview and Level Annotations

Branches:
Dungeon (4/15) Zot: 20639
 Temple: D:4-7

Altars:
Dithmenos


Message History

You closely miss something. Something hits you but does no damage.
You miss something. Something hits you. x2
You take 4 damage, and have 31/56 hp.
Cleave: d) +1 war axe (holy)
Press: ? - help, Dir - move target, f - you That would be overly suicidal.
Okay, then.
Cleave: d) +1 war axe (holy)
Press: ? - help, Dir - move target, f - you
Okay, then.
You closely miss something. Something hits you but does no damage.
You barely miss something.
You hear some strange, mumbled words.
Something tries to affect you, but you resist.
You hit something.
Reactivating autopickup.
You feel a bit more experienced.
You closely miss something.
You hear some strange, mumbled words.
A puff of flame appears from out of thin air!
Deactivating autopickup; reactivate with Ctrl-A.
The puff of flame hits you. You resist. Something hits you but does no damage.
You take 1 damage, and have 31/56 hp.
You hear some strange, mumbled words.
A puff of flame appears from out of thin air!
You block the puff of flame.
Things that are here:
a +0 dagger; a +0 robe You completely miss something.
Something hits you but does no damage.
You barely miss something.
You hear some strange, mumbled words.
Something tries to affect you, but you resist.
You miss something. Something hits you but does no damage.
You are poisoned.
You barely miss something.
You feel very sick.
A scorpion comes into view.
Something hits you but does no damage.
You are more poisoned.
Something hits you.
You take 6 damage, and have 27/56 hp.
You slash something!
Reactivating autopickup.
You feel a bit more experienced.
You feel very sick.
Your Axes skill increases to level 5!
You take 5 damage, and have 22/56 hp.
You feel very sick.
Items here: )) [[ †.
You take 3 damage, and have 19/56 hp.
You feel very sick.
You take 3 damage, and have 16/56 hp.
Okay, then.
Okay, then.
Cleave: d) +1 war axe (holy)
Press: ? - help, Dir - move target, f - you
Okay, then.
You feel sick.
Items here: )) [[ †.
You take 1 damage, and have 15/56 hp.
You feel sick.
The scorpion stings you but does no damage.
You take 2 damage, and have 13/56 hp.
You feel sick. The scorpion attacks as it pursues you!
You block the scorpion's attack. The scorpion stings you.
* * * LOW HITPOINT WARNING * * *
You take 4 damage, and have 9/56 hp.
Cleave: d) +1 war axe (holy)
Press: ? - help, Dir - move target, f - scorpion
Aim: a scorpion (about 41% to evade your +1 war axe of holy wrath)
You slash the scorpion!
You feel sick. The scorpion barely misses you.
Cleave: d) +1 war axe (holy)
Press: ? - help, Dir - move target, f/p - scorpion
Aim: a scorpion (severely wounded, about 41% to evade your +1 war axe of holy wrath)
You hit the scorpion but do no damage.
You feel sick. The scorpion stings you.
* * * LOW HITPOINT WARNING * * *
You are lethally poisoned!
The scorpion poisons you!
The scorpion stings you but does no damage.
You take 3 damage, and have 6/56 hp.
Okay, then.
Okay, then.
Cleave: d) +1 war axe (holy)
Press: ? - help, Dir - move target, f/p - scorpion
Aim: a scorpion (severely wounded, about 41% to evade your +1 war axe of holy wrath)
You hit the scorpion.
You kill the scorpion!
* * * LOW HITPOINT WARNING * * *
You feel very sick.
Your Armour skill increases to level 5!
You have reached level 7!
You take 5 damage, and have 1/61 hp.
MP restored: 7
Okay, then.
Unknown command.
Cleave: d) +1 war axe (holy)
Press: ? - help, Dir - move target, f - you
Okay, then.
Cleave: d) +1 war axe (holy)
Press: ? - help, Dir - move target, f - you
Okay, then.
You die...

#######....###.............
..........## ###...........
..........# ##.........#
.....>..†)# .......###
#...).....# ......#
##.....).)# ... ...
#........## #.... .#
##........#....##
#........@....... #
#...............#. #
..............!... #
..........<.....#. ##
...?........#... #.
............#... ##
.......##### .. .......


There were no monsters in sight!

Vanquished Creatures
  An ogre (D:4)
  A scorpion (D:4)
  A bombardier beetle (D:3)
  An orc priest (D:4)
  4 orc wizards (D:3 D:4)
  3 adders (D:2 D:4)
  2 ribbon worms (D:2 D:3)
  2 dart slugs (D:1 D:3)
  13 orcs (D:3 D:4)
  9 endoplasms (D:1 D:2 D:3 D:4)
  2 giant cockroaches (D:2)
  7 goblins (D:1 D:3 D:4)
  4 hobgoblins (D:1 D:2 D:4)
  4 jackals (D:2)
  4 quokkas (D:1 D:2 D:3)
  3 ball pythons (D:1 D:3)
  2 bats (D:1 D:2)
  4 frilled lizards (D:1 D:2 D:3)
  A kobold (D:2)
  4 rats (D:1 D:3)
72 creatures vanquished.

Vanquished Creatures (collateral kills)
  2 orc priests (D:4)
  An orc (D:4)
3 creatures vanquished.

Grand Total: 75 creatures vanquished

Notes
Turn   | Place    | Note
-------+----------+-------------------------------------------
     0 | D:1      | Ambrosia the Hill Orc Fighter began the quest for the Orb.
     0 | D:1      | Reached XP level 1. HP: 19/19 MP: 1/1
   193 | D:1      | Reached XP level 2. HP: 23/27 MP: 2/2
   291 | D:1      | Reached skill level 3 in Axes
   799 | D:2      | Reached XP level 3. HP: 33/33 MP: 3/3
   864 | D:2      | Reached skill level 4 in Fighting
   995 | D:2      | Reached skill level 4 in Shields
  1341 | D:2      | Found a faded altar of an unknown god.
  1688 | D:3      | Reached XP level 4. HP: 40/40 MP: 4/4
  1806 | D:3      | HP: 20/40 [orc/+0 trident (5)]
  2092 | D:3      | Reached skill level 4 in Armour
  2502 | D:3      | Reached XP level 5. HP: 43/47 MP: 5/5
  2683 | D:3      | Found the +2 ratskin cloak {*Rats rPois rN+ Str-1 Int-1
                  | Dex+1}
  2711 | D:3      | Found a shadowy altar of Dithmenos.
  2806 | D:4      | Noticed an ogre
  2814 | D:4      | Killed an ogre
  2815 | D:4      | Reached skill level 4 in Axes
  2815 | D:4      | Reached XP level 6. HP: 39/55 MP: 6/6
  2840 | D:4      | Reached skill level 5 in Shields
  2842 | D:4      | Reached skill level 5 in Fighting
  3253 | D:4      | HP: 27/56 [something (2)]
  3255 | D:4      | Reached skill level 5 in Axes
  3258 | D:4      | HP: 13/56 [poisoned by an orc wizard]
  3261 | D:4      | HP: 6/56 [scorpion (2)]
  3262 | D:4      | HP: 1/56 [poisoned by a scorpion]
  3263 | D:4      | Reached skill level 5 in Armour
  3263 | D:4      | Reached XP level 7. HP: 1/61 MP: 7/7
  3263 | D:4      | Succumbed to a scorpion's poison

Illustrated notes

Levels and vault maps discovered:
D:1:      lightli_iron_boxes, layout_basic, minmay_misc_feat_cross
D:2:      layout_loops_corners, hellmonk_ecumenical_altar_crossroads,
          minmay_statues_item
D:3:      layout_loops_corners, lemuel_doored_altar, st_stairs_13
D:4:      layout_layer_cave, minmay_rat_hole

Skill      XL: |  1  2  3  4  5  6 |
---------------+-------------------+-----
Axes           | 3 4 5 |  5.2
Fighting       | 4 5 |  5.4
Shields        | 4 5 |  5.4
Armour         | 4 5 |  5.0

Action                     |  1- 3 |  4- 6 |  7- 9 || total
---------------------------+-------+-------+-------++-------
  Melee: War axe           |    65 |    89 |       ||   154
    Use: Scroll            |    10 |     1 |       ||    11
         Potion            |       |     2 |       ||     2
 Armour: Scale mail        |    44 |    89 |       ||   133
  Dodge: Dodged            |    24 |    35 |       ||    59
  Block: Buckler           |     8 |    28 |       ||    36

Table legend: (Time is in decaauts)
 A = Elapsed time spent in this place.
 B = Non-inter-level travel time spent in this place.
 C = Inter-level travel time spent in this place.
 D = Time resting spent in this place.
 E = Time spent auto-exploring this place.
 F = Levels seen in this place.
 G = Mean time per level.
                   A        B        C        D        E       F      G
               +--------+--------+--------+--------+--------+-----+--------+
         Total |   3361 |   3181 |    180 |    236 |   2446 |   4 |  840.2 |
       Dungeon |   3361 |   3181 |    180 |    236 |   2446 |   4 |  840.2 |
               +--------+--------+--------+--------+--------+-----+--------+

Top non-repeatable levels by time:
     D:3: 1157 daAuts
     D:2: 998 daAuts
     D:1: 714 daAuts
     D:4: 491 daAuts

Levels and vault maps discovered:
D:1:      lightli_iron_boxes, layout_basic, minmay_misc_feat_cross
D:2:      layout_loops_corners, hellmonk_ecumenical_altar_crossroads,
          minmay_statues_item
D:3:      layout_loops_corners, lemuel_doored_altar, st_stairs_13
D:4:      layout_layer_cave, minmay_rat_hole

Table legend: (Time is in decaauts)
 A = Elapsed time spent in this place.
 B = Non-inter-level travel time spent in this place.
 C = Inter-level travel time spent in this place.
 D = Time resting spent in this place.
 E = Time spent auto-exploring this place.
 F = Levels seen in this place.
 G = Mean time per level.
                   A        B        C        D        E       F      G
               +--------+--------+--------+--------+--------+-----+--------+
         Total |   3361 |   3181 |    180 |    236 |   2446 |   4 |  840.2 |
       Dungeon |   3361 |   3181 |    180 |    236 |   2446 |   4 |  840.2 |
               +--------+--------+--------+--------+--------+-----+--------+

Top non-repeatable levels by time:
     D:3: 1157 daAuts
     D:2: 998 daAuts
     D:1: 714 daAuts
     D:4: 491 daAuts

Table legend:
 A = Kills in this place as a percentage of kills in the entire game.
 B = Kills by you in this place as a percentage of kills by you in the entire game.
 C = Kills by friends in this place as a percentage of kills by friends in the entire game.
 D = Other kills in this place as a percentage of other kills in the entire game.
 E = Experience gained in this place as a percentage of experience gained in the entire game.
 F = Experience gained in this place divided by the number of levels of this place that you have seen.
                   A       B       C       D       E      F
               +-------+-------+-------+-------+-------+----------------------
         Total | 100.0 | 100.0 | 100.0 |   N/A | 100.0 | 171.2
       Dungeon | 100.0 | 100.0 | 100.0 |   N/A | 100.0 | 171.2
               +-------+-------+-------+-------+-------+----------------------
